HSSL
BUTLER HS GOLDEN TORNADO @ SANTA FE HS CHIEFS
04/25/2028
 
TOP OF THE 1ST
Butler HS Golden Tornado batting - Pitching for Santa Fe HS Chiefs : RHP Bradley Baxter
Pitching: RHP Bradley Baxter
Batting: RHB Warren Thornton 0-0: Called Strike
0-1: Ground out 1-3 (Groundball, P)
Batting: RHB Héctor Meléndez 0-0: Ball
1-0: Ball
2-0: Fly out, F9 (Flyball, 9)
Batting: LHB Francisco Sousa 0-0: Ball
1-0: Ball
2-0: Foul Ball, location: 2F
2-1: Called Strike
2-2: Foul Ball, location: 2F
2-2: Foul Ball, location: 2F
2-2: Ground out 4-3 (Groundball, 4)
Top of the 1st over - 0 run(s), 0 hit(s), 0 error(s), 0 left on base; Butler HS 0 - Santa Fe HS 0
BOTTOM OF THE 1ST
Santa Fe HS Chiefs batting - Pitching for Butler HS Golden Tornado : LHP Bryan Baker
Pitching: LHP Bryan Baker
Batting: LHB William Mitchell 0-0: Foul Ball, location: 2F
0-1: Ball
1-1: Swinging Strike
1-2: Ball
2-2: Ground out 1-3 (Groundball, 13S)
Batting: RHB Stanley Austin 0-0: Ball
1-0: Called Strike
1-1: Foul Ball, location: 2F
1-2: Ball
2-2: Ball
3-2: Fly out, F4 (Popup, 34)
Batting: RHB Paul DeWitt 0-0: Foul Ball, location: 2F
0-1: Ball
1-1: Ball
2-1: Foul Ball, location: 2F
2-2: Ground out 5-3 (Groundball, 56)
Bottom of the 1st over - 0 run(s), 0 hit(s), 0 error(s), 0 left on base; Butler HS 0 - Santa Fe HS 0
TOP OF THE 2ND
Butler HS Golden Tornado batting - Pitching for Santa Fe HS Chiefs : RHP Bradley Baxter
Batting: RHB Luis Mota 0-0: Ball
1-0: Called Strike
1-1: Swinging Strike
1-2: Strikes out swinging, 2-3 out at first.
Batting: RHB Blake Carpenter 0-0: Ball
1-0: Foul Ball, location: 2F
1-1: Swinging Strike
1-2: Ball
2-2: SINGLE (Line Drive, 9S)
Batting: RHB Tom Copeland 0-0: Fielders Choice at 2nd, 4-6 (Groundball, 4M)
Batting: RHB Fred Taylor 0-0: Ball
Tom Copeland is caught stealing 2nd base
Top of the 2nd over - 0 run(s), 1 hit(s), 0 error(s), 0 left on base; Butler HS 0 - Santa Fe HS 0
BOTTOM OF THE 2ND
Santa Fe HS Chiefs batting - Pitching for Butler HS Golden Tornado : LHP Bryan Baker
Batting: RHB Jamal Martínez 0-0: Foul Ball, location: 2F
0-1: Ball
1-1: Ground out 1-3 (Groundball, 13)
Batting: RHB Dave Cooke 0-0: Called Strike
0-1: Foul Ball, location: 2F
0-2: Ball
1-2: Fly out, F9 (Flyball, 89M)
Batting: SHB Greg Ayers 0-0: Ball
1-0: Foul Ball, location: 2F
1-1: Ball
2-1: Foul Ball, location: 2F
2-2: Foul Ball, location: 2F
2-2: Ball
3-2: Foul Ball, location: 2F
3-2: Foul Ball, location: 2F
3-2: Ground out 4-3 (Groundball, 4)
Bottom of the 2nd over - 0 run(s), 0 hit(s), 0 error(s), 0 left on base; Butler HS 0 - Santa Fe HS 0
TOP OF THE 3RD
Butler HS Golden Tornado batting - Pitching for Santa Fe HS Chiefs : RHP Bradley Baxter
Batting: RHB Fred Taylor 0-0: Called Strike
0-1: Ball
1-1: Ball
2-1: Foul Ball, location: 2F
2-2: SINGLE (Groundball, 5S) (infield hit)
Batting: RHB Ernie Saunders 0-0: Swinging Strike
0-1: Foul Ball, location: 2F
0-2: Ball
1-2: Strikes out swinging
Batting: RHB David Gibson 0-0: Ball
1-0: Ball
2-0: Called Strike
2-1: Foul Ball, location: 2F
2-2: Ball
3-2: DOUBLE (Line Drive, 8LXD)
Fred Taylor to third
Runner from 3rd tries for Home, SAFE, throw made at trailing runner, OUT at third!
Batting: RHB Warren Thornton 0-0: Called Strike
0-1: SINGLE (Line Drive, 5)
Batting: RHB Héctor Meléndez 0-0: Fielders Choice at 2nd, 6-4 (Groundball, 56)
Top of the 3rd over - 1 run(s), 3 hit(s), 0 error(s), 0 left on base; Butler HS 1 - Santa Fe HS 0
BOTTOM OF THE 3RD
Santa Fe HS Chiefs batting - Pitching for Butler HS Golden Tornado : LHP Bryan Baker
Batting: RHB Jake Henshaw 0-0: Called Strike
0-1: Ball
1-1: SINGLE (Flyball, 89S)
Batting: LHB Jason Rogers 0-0: Called Strike
0-1: Called Strike
0-2: Ball
1-2: Fly out, F9 (Flyball, 9S)
Batting: LHB Luis Freitas 0-0: Ball
1-0: Ball
2-0: Foul Ball, location: 2F
2-1: Ball
3-1: Called Strike
3-2: Foul Ball, location: 2F
3-2: Fielders Choice at 2nd, 6-4 (Groundball, 6)
Batting: LHB William Mitchell 0-0: Foul Ball, location: 2F
0-1: Called Strike
0-2: Ground out 4-3 (Groundball, 4)
Bottom of the 3rd over - 0 run(s), 1 hit(s), 0 error(s), 1 left on base; Butler HS 1 - Santa Fe HS 0
TOP OF THE 4TH
Butler HS Golden Tornado batting - Pitching for Santa Fe HS Chiefs : RHP Bradley Baxter
Now at 1B: Rick Hilton
Batting: LHB Francisco Sousa 0-0: Called Strike
0-1: Ball
1-1: Called Strike
1-2: Ground out U3 (Groundball, 34S)
Batting: RHB Luis Mota 0-0: Called Strike
0-1: Swinging Strike
0-2: Ball
1-2: Foul Ball, location: 2F
1-2: Foul Ball, location: 2F
1-2: Foul Ball, location: 2F
1-2: Foul Ball, location: 2F
1-2: Ball
2-2: Foul Ball, location: 2F
2-2: Ball
3-2: Foul Ball, location: 2F
3-2: Ground out 5-3 (Groundball, 56)
Batting: RHB Blake Carpenter 0-0: Ball
1-0: Ball
2-0: Called Strike
2-1: Fly out, F8 (Flyball, 8LM)
Top of the 4th over - 0 run(s), 0 hit(s), 0 error(s), 0 left on base; Butler HS 1 - Santa Fe HS 0
BOTTOM OF THE 4TH
Santa Fe HS Chiefs batting - Pitching for Butler HS Golden Tornado : LHP Bryan Baker
Batting: RHB Stanley Austin 0-0: Ball
1-0: Called Strike
1-1: Swinging Strike
1-2: Ball
2-2: DOUBLE (Line Drive, 89D)
Batting: RHB Paul DeWitt 0-0: Called Strike
0-1: SINGLE (Line Drive, 8LS)
Stanley Austin to third
Runner from 3rd tries for Home, SAFE, throw made home
Batting: RHB Jamal Martínez 0-0: Ball
1-0: Foul Ball, location: 2F
1-1: Ball
2-1: Fielders Choice at 2nd, 4-6 (Groundball, 4)
Batting: RHB Dave Cooke 0-0: Called Strike
0-1: Ball
1-1: Foul Ball, location: 2F
1-2: Ball
2-2: DOUBLE (Line Drive, 7LM)
Jamal Martínez to third
Batting: SHB Greg Ayers 0-0: Called Strike
0-1: Called Strike
0-2: Strikes out swinging
Batting: SHB Rick Hilton 0-0: Foul Ball, location: 2F
0-1: Ground out 4-3 (Groundball, 4S)
Bottom of the 4th over - 1 run(s), 3 hit(s), 0 error(s), 2 left on base; Butler HS 1 - Santa Fe HS 1
TOP OF THE 5TH
Butler HS Golden Tornado batting - Pitching for Santa Fe HS Chiefs : RHP Bradley Baxter
Batting: RHB Tom Copeland 0-0: Ball
1-0: Ball
2-0: SINGLE (Groundball, 34D)
Batting: RHB Fred Taylor 0-0: Swinging Strike
0-1: Ball
1-1: Ball
2-1: Ball
3-1: Base on Balls
Tom Copeland to second
Batting: RHB Ernie Saunders 0-0: Ball
1-0: Ball
2-0: Ball
3-0: Base on Balls
Tom Copeland to third
Fred Taylor to second
Batting: RHB David Gibson 0-0: Swinging Strike
0-1: SINGLE (Flyball, 7S)
Tom Copeland scores
Fred Taylor to third
Ernie Saunders to second
Batting: RHB Warren Thornton 0-0: Ball
1-0: Ball
2-0: Fly out, F9 (Flyball, 9)
Runner from 3rd tags up, SCORES, throw made
Batting: RHB Héctor Meléndez 0-0: Ball
1-0: Foul Ball, location: 2F
1-1: Called Strike
1-2: Foul Ball, location: 2F
1-2: Grounds into double play, 6-4-3 (Groundball, 6)
Top of the 5th over - 2 run(s), 2 hit(s), 0 error(s), 1 left on base; Butler HS 3 - Santa Fe HS 1
BOTTOM OF THE 5TH
Santa Fe HS Chiefs batting - Pitching for Butler HS Golden Tornado : LHP Bryan Baker
Batting: LHB Jason Rogers 0-0: SINGLE (Flyball, 4MD)
Batting: LHB Luis Freitas 0-0: SINGLE (Line Drive, 3)
Jason Rogers to second
Batting: LHB William Mitchell 0-0: Ball
1-0: Ball
2-0: Swinging Strike
2-1: Called Strike
2-2: Ball
3-2: Foul Ball, location: 2F
3-2: Fielders Choice at 2nd, 1-6 (Groundball, 13)
Jason Rogers to third
Batting: RHB Stanley Austin 0-0: Ball
1-0: Ball
2-0: Called Strike
2-1: DOUBLE (Line Drive, 78D)
Jason Rogers scores
William Mitchell to third
Pitching: RHP Dewey Jackson
Batting: RHB Paul DeWitt 0-0: Called Strike
0-1: Ball
1-1: Called Strike
1-2: Foul Ball, location: 2F
1-2: SINGLE (Line Drive, 8LS)
William Mitchell scores
Stanley Austin to third
Batting: RHB Jamal Martínez 0-0: Called Strike
0-1: Swinging Strike
0-2: SINGLE (Flyball, 89M)
Stanley Austin scores
Paul DeWitt to second
Batting: RHB Dave Cooke 0-0: Ball
1-0: Foul Ball, location: 2F
1-1: Ball
2-1: Foul Ball, location: 2F
2-2: Ball
3-2: Fielders Choice at 2nd, 1-6 (Groundball, 13)
Paul DeWitt to third
Batting: SHB Greg Ayers 0-0: Ball
1-0: Ball
2-0: Ball
3-0: Base on Balls
Dave Cooke to second
Batting: SHB Rick Hilton 0-0: Swinging Strike
0-1: Ball
1-1: Ball
2-1: Fly out, F8 (Flyball, 8RS)
Bottom of the 5th over - 3 run(s), 5 hit(s), 0 error(s), 3 left on base; Butler HS 3 - Santa Fe HS 4
TOP OF THE 6TH
Butler HS Golden Tornado batting - Pitching for Santa Fe HS Chiefs : RHP Bradley Baxter
Pitching: RHP Billy Fox
Batting: LHB Francisco Sousa 0-0: Ball
1-0: Ball
2-0: Ball
3-0: Called Strike
3-1: Fly out, F8 (Flyball, 8RM)
Batting: RHB Luis Mota 0-0: Ball
1-0: Called Strike
1-1: Called Strike
1-2: Ball
2-2: Ball
3-2: SINGLE (Groundball, 56D)
Batting: RHB Blake Carpenter 0-0: Called Strike
0-1: Foul Ball, location: 2F
0-2: Ball
1-2: Ball
2-2: Foul Ball, location: 2F
2-2: DOUBLE (Line Drive, 78M)
Luis Mota to third
Batting: RHB Tom Copeland 0-0: Ball
1-0: Ball
2-0: Ball
3-0: Base on Balls
Batting: RHB Fred Taylor 0-0: Foul Ball, location: 2F
0-1: Ball
1-1: Ball
2-1: Foul Ball, location: 2F
2-2: Foul Ball, location: 2F
2-2: Foul Ball, location: 2F
2-2: Ball
3-2: Strikes out swinging
Batting: RHB Ernie Saunders 0-0: Ball
1-0: SINGLE (Line Drive, 34)
Luis Mota scores
Blake Carpenter to third
Tom Copeland to second
Runner from 3rd tries for Home, SAFE, no throw
Pitching: RHP Tom Lindsey
Batting: RHB David Gibson 0-0: Called Strike
0-1: Ball
1-1: Swinging Strike
1-2: Strikes out swinging
Top of the 6th over - 2 run(s), 3 hit(s), 0 error(s), 2 left on base; Butler HS 5 - Santa Fe HS 4
BOTTOM OF THE 6TH
Santa Fe HS Chiefs batting - Pitching for Butler HS Golden Tornado : RHP Dewey Jackson
Batting: LHB Jason Rogers 0-0: Ball
1-0: Foul Ball, location: 2F
1-1: Swinging Strike
1-2: Foul Ball, location: 2F
1-2: Foul Ball, location: 2F
1-2: Foul Ball, location: 2F
1-2: SINGLE (Groundball, 56) (infield hit)
Batting: LHB Luis Freitas 0-0: Called Strike
0-1: Fly out, F8 (Flyball, 8LS)
Batting: LHB William Mitchell 0-0: Ball
Jason Rogers steals 2nd base
1-0: SINGLE (Line Drive, 7)
Jason Rogers to third
Batting: RHB Stanley Austin 0-0: Swinging Strike
0-1: Foul Ball, location: 2F
0-2: Ball
1-2: Strikes out looking
Batting: RHB Paul DeWitt 0-0: Ball
1-0: Ball
2-0: Fielders Choice at 2nd, 5-4 (Groundball, 56)
Bottom of the 6th over - 0 run(s), 2 hit(s), 0 error(s), 1 left on base; Butler HS 5 - Santa Fe HS 4
TOP OF THE 7TH
Butler HS Golden Tornado batting - Pitching for Santa Fe HS Chiefs : RHP Tom Lindsey
Batting: RHB Warren Thornton 0-0: SINGLE (Flyball, 78S)
Batting: RHB Héctor Meléndez 0-0: Foul Ball, location: 2F
0-1: Sac Bunt - play at first, batter OUT! 1-4
Warren Thornton to second
Batting: LHB Francisco Sousa 0-0: Ball
1-0: Ball
2-0: DOUBLE (Line Drive, 7)
Warren Thornton scores
Batting: RHB Luis Mota 0-0: Intentional Walk
Batting: RHB Blake Carpenter 0-0: Ball
1-0: Ball
2-0: Ball
3-0: Called Strike
3-1: Foul Ball, location: 2F
3-2: Base on Balls
Francisco Sousa to third
Luis Mota to second
Batting: RHB Tom Copeland 0-0: Fly out, F7 (Flyball, 7LS)
Runner from 3rd tags up, SCORES, throw made
Pitching: RHP John Crockett
Batting: RHB Fred Taylor 0-0: Ball
1-0: DOUBLE (Line Drive, 89M)
Luis Mota scores
Blake Carpenter to third
Batting: RHB Ernie Saunders 0-0: Foul Ball, location: 2F
0-1: Ball
1-1: Foul Ball, location: 2F
1-2: Ball
2-2: Ball
3-2: Foul Ball, location: 2F
3-2: Base on Balls
Batting: RHB David Gibson 0-0: Ball
1-0: Ball
2-0: Ball
3-0: Foul Ball, location: 2F
3-1: Foul Ball, location: 2F
3-2: Base on Balls
Blake Carpenter scores
Fred Taylor to third
Ernie Saunders to second
Batting: RHB Warren Thornton 0-0: Called Strike
0-1: Called Strike
0-2: Strikes out swinging
Top of the 7th over - 4 run(s), 3 hit(s), 0 error(s), 3 left on base; Butler HS 9 - Santa Fe HS 4
BOTTOM OF THE 7TH
Santa Fe HS Chiefs batting - Pitching for Butler HS Golden Tornado : RHP Dewey Jackson
Batting: RHB Jamal Martínez 0-0: Ball
1-0: Foul Ball, location: 2F
1-1: Foul Ball, location: 2F
1-2: SOLO HOME RUN (Flyball, 7D), Distance : 404 ft
Batting: RHB Dave Cooke 0-0: Foul Ball, location: 2F
0-1: Ball
1-1: Foul Ball, location: 2F
1-2: SINGLE (Groundball, 6D)
Batting: SHB Greg Ayers 0-0: Called Strike
0-1: Foul Ball, location: 2F
0-2: Foul Ball, location: 2F
0-2: Ball
1-2: Ball
2-2: Ball
3-2: Hit by Pitch
Dave Cooke to second
Batting: SHB Rick Hilton 0-0: Foul Ball, location: 2F
0-1: Swinging Strike
0-2: DOUBLE (Line Drive, 9LM)
Dave Cooke scores
Greg Ayers to third
Runner from 3rd tries for Home, SAFE, no throw
Pitching: LHP Boyd Green
Batting: LHB Jason Rogers 0-0: Foul Ball, location: 2F
0-1: Foul Ball, location: 2F
0-2: Ball
1-2: SINGLE (Groundball, 4MD)
Rick Hilton to third
Batting: LHB Luis Freitas 0-0: Ball
1-0: Ball
2-0: Swinging Strike
2-1: Called Strike
2-2: Strikes out swinging
Pitching: RHP Jeremy Stack
Batting: LHB William Mitchell 0-0: Ball
1-0: Swinging Strike
1-1: Called Strike
Jason Rogers is caught stealing 2nd base
1-2: Strikes out looking
Bottom of the 7th over - 3 run(s), 4 hit(s), 0 error(s), 1 left on base; Butler HS 9 - Santa Fe HS 7
TOP OF THE 8TH
Butler HS Golden Tornado batting - Pitching for Santa Fe HS Chiefs : RHP John Crockett
Batting: RHB Héctor Meléndez 0-0: Ball
1-0: Ball
2-0: Ball
3-0: Called Strike
3-1: Called Strike
3-2: Base on Balls
Batting: LHB Francisco Sousa 0-0: Foul Ball, location: 2F
0-1: Called Strike
0-2: Foul Ball, location: 2F
0-2: Ball
1-2: Hit by Pitch
Héctor Meléndez to second
Batting: RHB Luis Mota 0-0: Fly out, F6 (Line Drive, 6MD)
Batting: RHB Blake Carpenter 0-0: Foul Ball, location: 2F
0-1: Ball
1-1: Ball
2-1: SINGLE (Groundball, 56D)
Héctor Meléndez to third
Francisco Sousa to second
Runner from 3rd tries for Home, SAFE, throw made home
Batting: RHB Tom Copeland 0-0: Grounds into double play, 6-4-3 (Groundball, 6)
Top of the 8th over - 1 run(s), 1 hit(s), 0 error(s), 1 left on base; Butler HS 10 - Santa Fe HS 7
BOTTOM OF THE 8TH
Santa Fe HS Chiefs batting - Pitching for Butler HS Golden Tornado : RHP Jeremy Stack
Batting: RHB Stanley Austin 0-0: Ball
1-0: Ball
2-0: Ball
3-0: Called Strike
3-1: Base on Balls
Batting: RHB Paul DeWitt 0-0: Called Strike
0-1: SINGLE (Line Drive, 7S)
Stanley Austin to second
Batting: RHB Jamal Martínez 0-0: Ball
1-0: Ground out 5-3 (Groundball, 56S)
Stanley Austin to third
Paul DeWitt to second
Batting: RHB Dave Cooke 0-0: Called Strike
0-1: Ball
1-1: Swinging Strike
1-2: Foul Ball, location: 2F
1-2: Ball
2-2: Foul Ball, location: 2F
2-2: Ball
3-2: Base on Balls
Batting: SHB Greg Ayers 0-0: Swinging Strike
0-1: Called Strike
0-2: Ball
1-2: Foul Ball, location: 2F
1-2: Foul Ball, location: 2F
1-2: SINGLE (Flyball, 8LS)
Stanley Austin scores
Paul DeWitt to third
Dave Cooke to second
Runner from 3rd tries for Home, SAFE, throw made home
Dave Cooke to third
Greg Ayers to second
Pitching: LHP Rich McBride
Batting: SHB Rick Hilton 0-0: Foul Ball, location: 2F
0-1: Swinging Strike
0-2: Strikes out swinging
Batting: LHB Jason Rogers 0-0: Called Strike
0-1: Called Strike
0-2: Strikes out swinging
Bottom of the 8th over - 2 run(s), 2 hit(s), 0 error(s), 2 left on base; Butler HS 10 - Santa Fe HS 9
TOP OF THE 9TH
Butler HS Golden Tornado batting - Pitching for Santa Fe HS Chiefs : RHP John Crockett
Batting: RHB Fred Taylor 0-0: SINGLE (Groundball, 6D)
Batting: RHB Ernie Saunders 0-0: Sac Bunt - play at first, batter OUT! 2-4
Fred Taylor to second
Batting: RHB David Gibson 0-0: Called Strike
0-1: Ball
1-1: Ball
2-1: Foul Ball, location: 2F
2-2: Strikes out swinging
Batting: RHB Warren Thornton 0-0: Ball
1-0: Ball
2-0: Fly out, F5 (Line Drive, 56)
Top of the 9th over - 0 run(s), 1 hit(s), 0 error(s), 1 left on base; Butler HS 10 - Santa Fe HS 9
BOTTOM OF THE 9TH
Santa Fe HS Chiefs batting - Pitching for Butler HS Golden Tornado : LHP Rich McBride
Pitching: RHP Ken Aldridge
Batting: LHB Luis Freitas 0-0: Called Strike
0-1: Swinging Strike
0-2: Ball
1-2: Fly out, F8 (Flyball, 8RM)
Batting: LHB William Mitchell 0-0: Fly out, F8 (Flyball, 8LD)
Batting: RHB Stanley Austin 0-0: Called Strike
0-1: Swinging Strike
0-2: Ball
1-2: Strikes out looking
Bottom of the 9th over - 0 run(s), 0 hit(s), 0 error(s), 0 left on base; Butler HS 10 - Santa Fe HS 9
Tuesday, August 8th, 2017 - OOTP Baseball 17.12 Build 75